 Dungeon Crawl Stone Soup version 0.29.1-1-gd02db6906a (webtiles) character file.

Game seed: 3481193387679168671

4949 smilodon the Jinx (level 10, 0/69 HPs)
             Began as a Vampire Enchanter on Oct 1, 2022.
             Was a Priest of Sif Muna.
             Succumbed to a killer bee's poison
             ... on level 8 of the Dungeon on Oct 2, 2022.
             The game lasted 00:29:51 (10515 turns).

smilodon the Jinx (Vampire Enchanter)              Turns: 10515, Time: 00:29:53

Health: 0/69       AC:  7    Str: 17    XL:     10   Next: 28%
Magic:  11/18      EV: 13    Int: 21    God:    Sif Muna [***...]
Gold:   955        SH:  5    Dex: 16    Spells: 3/22 levels left

rFire   . . .      SeeInvis +   s - +2 rapier (elec)
rCold   + . .      Faith    .   (no shield)
rNeg    . . .      Spirit   .   o - +0 ring mail {rC+}
rPois   .          Reflect  +   (no helmet)
rElec   .          Harm     .   l - +1 cloak
rCorr   .          Rampage  .   (no gloves)
Will    +....                   (no boots)
Stlth   ++++......              F - amulet of reflection
HPRegen 0.41/turn               m - +6 ring of strength
MPRegen 0.16/turn               p - +6 ring of strength

@: lethally poisoned (0 -> -7), healing quickly
A: alive, fangs 3, see invisible, vampiric 2, low MP 1, robust 1, weak 1
a: Exsanguinate, Renounce Religion, Channel Magic, Forget Spell


You were on level 8 of the Dungeon.
You worshipped Sif Muna.
Sif Muna was most pleased with you.
You visited 1 branch of the dungeon, and saw 9 of its levels.
You also visited: Ossuary.

You collected 955 gold pieces.

Inventory:

Hand Weapons
 a - a +2 dagger
 c - a +2 dagger of venom
 s - a +2 rapier of electrocution (weapon)
Missiles
 e - 13 poisoned darts (quivered)
 h - a throwing net
 j - 6 curare-tipped darts
Armour
 b - a +0 robe
 l - a +1 cloak (worn)
 o - a +0 ring mail of cold resistance (worn)
Jewellery
 d - a ring of magical power
 m - a +6 ring of strength (left hand)
 p - a +6 ring of strength (right hand)
 D - an amulet of magic regeneration
 F - an amulet of reflection (around neck)
 H - a ring of magical power
Wands
 i - a wand of flame (18)
 k - a wand of polymorph (7)
 v - a wand of roots (7)
 x - a wand of digging (9)
 E - a wand of mindburst (20)
 J - a wand of light (6)
Scrolls
 q - 2 scrolls of teleportation
 r - a scroll of vulnerability
 u - a scroll of enchant weapon
 w - a scroll of noise
 y - a scroll of brand weapon
 z - a scroll of summoning
 A - 2 scrolls of amnesia
 C - 2 scrolls of immolation
 G - 2 scrolls of butterflies
 L - a scroll of enchant armour
Potions
 f - 4 potions of magic
 g - 2 potions of attraction
 n - a potion of brilliance
 t - 3 potions of degeneration
 B - a potion of lignification
 K - a potion of berserk rage
 M - a potion of cancellation


   Skills:
 + Level 6.0 Short Blades
 + Level 2.7 Armour
 - Level 4.8 Dodging
 + Level 9.5 Stealth
 + Level 6.6 Spellcasting
 + Level 10.9 Hexes
 + Level 5.6 Summonings
 + Level 3.4 Ice Magic


You had 3 spell levels left.
You knew the following spells:

 Your Spells              Type           Power      Damage    Failure   Level
a - Confusing Touch       Hex            52%        N/A       1%          3
b - Tukima's Dance        Hex            52%        N/A       1%          3
c - Ensorcelled Hibernat  Hex/Ice        74%        N/A       1%          2
d - Summon Guardian Gole  Hex/Summ       41%        N/A       1%          3
e - Call Imp              Summ           30%        N/A       2%          2
f - Call Canine Familiar  Summ           30%        N/A       4%          3
g - Dazzling Flash        Conj/Hex       58%        N/A       5%          3

Your spell library contained the following spells:

 Spells                   Type           Power      Damage    Failure   Level
 Summon Small Mammal      Summ           100%       N/A       1%          1
 Magic Dart               Conj           24%        1d4       17%         1
 Gell's Gravitas          Tloc           6%         N/A       45%         3
 Lesser Beckoning         Tloc           6%         N/A       45%         3
 Mephitic Cloud           Conj/Pois/Air  6%         N/A       45%         3
 Teleport Other           Tloc           6%         N/A       45%         3
 Summon Mana Viper        Hex/Summ       41%        N/A       16%         5
 Summon Ice Beast         Ice/Summ       26%        N/A       26%         4
 Monstrous Menagerie      Summ           15%        N/A       100%        7


Dungeon Overview and Level Annotations

Branches:
Dungeon (9/15)             Temple (0/1) D:7         Ossuary (visited)
   Lair: D:8-11         Orc: D:9-12

Altars:
Ashenzari
Hepliaklqana
Nemelex Xobeh
Ru
Sif Muna
Wu Jian

Shops:
D:5 (


Innate Abilities, Weirdness & Mutations

Your natural rate of healing is accelerated.
You have razor-sharp teeth.
You have supernaturally acute eyesight. (SInv)
You are afflicted with vampirism and can become a bat while bloodless.
Your magical capacity is low. (-10% MP)
You are robust. (+10% HP)
You are weak. (Str -2)


Message History

Your hound closely misses the killer bee.
Things that are here:
a +0 chain mail; a +0 club You hit the killer bee but do no damage.
The killer bee is severely wounded.
* * * LOW HITPOINT WARNING * * *
You feel very sick. The killer bee stings you.
* * * LOW HITPOINT WARNING * * *
Your hound misses the killer bee.
The killer bee stings you but does no damage.
Your crimson imp barely misses the killer bee.
* * * LOW HITPOINT WARNING * * *
You feel very sick.
The killer bee closely misses your crimson imp.
Your hound bites the killer bee.
The killer bee stings your crimson imp.
Your crimson imp blinks!
Your hound closely misses the killer bee.
You see here a killer bee corpse.
Aiming: Bolt of Light
Press: ? - help, Shift-Dir - straight line, f - killer bee
Aim: a killer bee (severely wounded, ally target, 43% to hit)
The bolt of light hits the killer bee!
You kill the killer bee!
Sif Muna accepts your kill.
* * * LOW HITPOINT WARNING * * *
You feel very sick.
There is a lethal amount of poison in your body!
There is a lethal amount of poison in your body!
Okay, then.
Okay, then.
Okay, then.
Okay, then.
Keep bloodletting?
Uppercase [Y]es or [N]o only, please.
Keep bloodletting?
* * * LOW HITPOINT WARNING * * *
You feel very sick.
You begin bloodletting.
You continue bloodletting.
You die...

###..........##.... #####
#..##.#..####[### ....#
##########..#.....####)#
###.####.......##....^........#
#......#####<#####...#####..#
#####..# #.# #...# #..#
######...# #.# #...# #..#
....##...# #.#####...#####..###
....#....#####..@h†..5...........
......#.........)[)).............
....#..#####......)[.).......###.
....#.## ##.######...#########.
######.## ##..# #...# ##).
#######.###.### #...# #.[. ....#
##.#.## #...#######...
###.#####.##########....[...[)...
# #..............#......#######..


You could see a friendly hound (summoned) and a friendly crimson imp (summoned).

Vanquished Creatures
  Joseph (D:7)
  A hornet (D:8)
  A wyvern (D:9)
  Eustachio (D:4)
  A steam dragon (D:9)
  Edmund (D:4)
  3 water moccasins
  A sky beast (D:7)
  3 black bears
  An ogre (D:5)
  A phantom (D:5)
  A centaur (D:9)
  A kobold brigand (D:9)
  3 elf zombies (Ossuary)
  A necrophage (D:8)
  2 gnoll sergeants
  5 bullfrogs
  4 scorpions
  4 wights (D:8)
  3 killer bees
  9 howler monkeys
  2 centaur zombies (Ossuary)
  An orc priest (D:8)
  2 jellies
  2 gnoll boudas
  A hound (D:5)
  Ijyb (D:4)
  2 iguanas
  13 orc wizards
  2 mummies (Ossuary)
  6 gnolls
  13 adders
  A white imp (D:5)
  2 ufetubi
  An adder zombie (Ossuary)
  A worm (D:2)
  3 dart slugs
  18 orcs
  10 bats
  3 endoplasms
  A giant cockroach (D:3)
  7 goblins
  5 hobgoblins
  2 kobolds
  5 quokkas
  11 ball pythons
  2 frilled lizards (D:3)
  A goblin zombie (Ossuary)
  8 hobgoblin zombies (Ossuary)
  A jackal zombie (Ossuary)
  12 kobold zombies (Ossuary)
  7 orc zombies (Ossuary)
  10 rats
  A rat zombie (Ossuary)
205 creatures vanquished.

Vanquished Creatures (collateral kills)
  A bullfrog (D:8)
  3 orc priests
  An iguana (D:5)
  4 orc wizards
  6 gnolls (D:8)
  An adder (D:5)
  9 orcs
25 creatures vanquished.

Vanquished Creatures (others)
  6 dancing weapons
  A fungus (D:3)
  A plant (D:3)
8 creatures vanquished.

Grand Total: 238 creatures vanquished

Notes
Turn   | Place    | Note
-------+----------+-------------------------------------------
     0 | D:1      | smilodon the Vampire Enchanter began the quest for the Orb.
     0 | D:1      | Reached XP level 1. HP: 13/13 MP: 3/3
    97 | D:1      | Reached XP level 2. HP: 19/19 MP: 5/5
   987 | D:1      | Gained mutation: You are robust. (+10% HP) [potion of
                  | mutation]
   987 | D:1      | Gained mutation: Your magical capacity is low. (-10% MP)
                  | [potion of mutation]
   987 | D:1      | Gained mutation: You are weak. (Str -2) [potion of
                  | mutation]
  1030 | D:2      | Gained mutation: You are afflicted with vampirism and can
                  | become a bat while bloodless. [Vampire growth]
  1030 | D:2      | Reached XP level 3. HP: 26/26 MP: 5/5
  1549 | D:2      | Reached skill level 5 in Stealth
  2033 | D:3      | Reached skill level 5 in Hexes
  2063 | D:3      | Found a faded altar of an unknown god.
  2109 | D:3      | Reached XP level 4. HP: 33/33 MP: 7/7
  2636 | D:3      | Found a shimmering blue altar of Sif Muna.
  2647 | D:3      | Became a worshipper of Sif Muna the Loreminder
  3206 | D:4      | Noticed Edmund
  3231 | D:4      | Killed Edmund
  3232 | D:4      | Reached XP level 5. HP: 20/38 MP: 8/8
  3315 | D:4      | Found a sparkling altar of Nemelex Xobeh.
  3426 | D:4      | Found a broken altar of Ashenzari.
  3428 | D:4      | Found a hazy altar of Hepliaklqana.
  3654 | D:4      | Found a sand-covered staircase.
  3661 | Ossuary  | Entered an ossuary
  3706 | Ossuary  | Reached XP level 6. HP: 45/45 MP: 9/9
  3747 | Ossuary  | Reached * piety under Sif Muna
  3821 | Ossuary  | Reached skill level 6 in Hexes
  3897 | Ossuary  | Reached XP level 7. HP: 41/50 MP: 11/11
  4092 | D:4      | Noticed Eustachio
  4110 | D:4      | Noticed Ijyb
  4115 | D:4      | Killed Eustachio
  4125 | D:4      | Killed Ijyb
  4240 | D:4      | Identified the +8 hand axe "Teath" {freeze, Dex+3}
  4275 | D:4      | Reached skill level 7 in Hexes
  4278 | D:4      | Reached ** piety under Sif Muna
  4625 | D:4      | Found an ornate altar of the Wu Jian Council.
  4746 | D:5      | Entered Level 5 of the Dungeon
  4810 | D:5      | Found Beona's Antique Weapon Emporium.
  5061 | D:5      | Reached skill level 1 in Summonings
  5061 | D:5      | Reached XP level 8. HP: 36/57 MP: 11/13
  5353 | D:5      | Reached skill level 8 in Hexes
  5699 | D:5      | Found a sacrificial altar of Ru.
  6232 | D:4      | Learned a level 3 spell: Confusing Touch
  6236 | D:4      | Learned a level 3 spell: Tukima's Dance
  6239 | D:4      | Learned a level 2 spell: Ensorcelled Hibernation
  6457 | D:6      | Reached skill level 5 in Spellcasting
  6815 | D:6      | Reached skill level 9 in Hexes
  7324 | D:7      | Found a staircase to the Ecumenical Temple.
  7643 | D:7      | Reached XP level 9. HP: 62/62 MP: 15/15
  7647 | D:7      | Noticed Joseph
  7663 | D:7      | Killed Joseph
  7664 | D:7      | Reached skill level 1 in Ice Magic
  7745 | D:7      | Reached skill level 1 in Armour
  7808 | D:7      | Reached skill level 10 in Hexes
  8366 | D:8      | Reached skill level 5 in Short Blades
  8413 | D:8      | Reached *** piety under Sif Muna
  8858 | D:8      | Reached skill level 5 in Summonings
  8910 | D:8      | Learned a level 3 spell: Summon Guardian Golem
  8913 | D:8      | Learned a level 2 spell: Call Imp
  9252 | D:8      | Reached XP level 10. HP: 59/69 MP: 3/17
  9578 | D:8      | Learned a level 3 spell: Call Canine Familiar
 10007 | D:9      | Noticed a two-headed ogre
 10020 | D:9      | HP: 2/69 [acid dragon/splash of acid (23)]
 10495 | D:8      | Learned a level 3 spell: Dazzling Flash
 10514 | D:8      | HP: 2/69 [poisoned by a killer bee]
 10515 | D:8      | Succumbed to a killer bee's poison

Illustrated notes

Levels and vault maps discovered:
D:1:      minmay_arrival_nine_rooms, layout_loops_ring, minmay_misc_feat_pillars
D:2:      layout_loops_ring
D:3:      wad_river_or_something, layout_loops_cross,
          nicolae_sif_muna_condensation, shapermc_ecumenical_altar_acropolis
D:4:      layout_loops_ring, nzn_wu_jian_council_hall,
          nemelex_xobeh_ov_fountains_minmay, grunt_temple_overflow_diamond,
          chequers_ossuary_entry_cave, uniq_ijyb, uniq_eustachio, uniq_edmund
D:5:      layout_basic, chequers_temple_overflow_statue_of_worship,
          serial_glass, glass_columns_b, glass_columns_b, serial_shops, shop,
          abandoned_shop, serial_bayou_pond_e
D:6:      layout_gridville, minivault_22, roderic_cross_of_infinity,
          hangedman_abyss_or_decor_jellyfish_corner
D:7:      layout_loops_ring, minmay_temple_entry_tees, uniq_joseph
D:8:      layout_loops_cross
D:9:      minmay_polygon_palace, layout_rooms

Skill      XL: |  1  2  3  4  5  6  7  8  9 10 |
---------------+-------------------------------+-----
Stealth        | 5 6 7 9 |  9.5
Short Blades   | 2 3 4 5 6 |  6.0
Hexes          | 5 6 7 9 10 | 10.9
Dodging        | 3 4 |  4.8
Spellcasting   | 3 4 5 6 |  6.6
Summonings     | 1 4 5 |  5.6
Ice Magic      | 2 3 |  3.4
Armour         | 2 |  2.7

Action                   |  1- 3 |  4- 6 |  7- 9 | 10-12 || total
-------------------------+-------+-------+-------+-------++-------
Melee: Dagger            |   110 |   267 |   207 |       ||   584
       Punch             |     4 |     2 |     3 |     3 ||    12
       Bite              |     9 |    27 |    47 |    16 ||    99
       Rapier            |       |       |   205 |   112 ||   317
Throw: Dart              |       |       |     1 |     3 ||     4
 Cast: Tukima's Dance    |       |       |    30 |     3 ||    33
       Confusing Touch   |       |       |     3 |     3 ||     6
       Call Imp          |       |       |     3 |     5 ||     8
       Summon Guardian G |       |       |     1 |       ||     1
       Call Canine Famil |       |       |       |     6 ||     6
       Ensorcelled Hiber |       |       |       |     3 ||     3
       Dazzling Flash    |       |       |       |     1 ||     1
 Abil: Exsanguinate      |       |       |       |     1 ||     1
Evoke: Wand              |       |       |       |     2 ||     2
  Use: Scroll            |     6 |     4 |    19 |     4 ||    33
       Potion            |     6 |     3 |     7 |     1 ||    17
 Stab: Sleeping          |    13 |     8 |     9 |       ||    30
       Invisible         |     3 |    13 |       |       ||    16
       Distracted        |       |       |     1 |     1 ||     2
       Confused          |       |       |       |     1 ||     1
Armor: Robe              |    29 |     4 |       |       ||    33
       Ring mail         |       |   102 |   129 |    46 ||   277
Dodge: Dodged            |    74 |   151 |   221 |    87 ||   533
Block: Other             |       |       |    39 |    33 ||    72
       Reflection        |       |       |     1 |       ||     1
